 Dungeon Crawl Stone Soup version 0.14-a0-2061-g6c6fb9c (webtiles) character file.

1097 Econoterrorist the Changer (level 7, -8/48 HPs)
             Began as a Demonspawn Transmuter on Jan 22, 2014.
             Mangled by a centaur
             ... wielding a +0,+0 quarterstaff
              (16 damage)
             ... on Level 6 of the Dungeon.
             The game lasted 00:26:19 (6736 turns).

Econoterrorist the Changer (Demonspawn Transmuter)  Turns: 6736, Time: 00:26:20

HP  -8/48        AC  2     Str 10      XL: 7   Next: 80%
MP   0/12        EV 19     Int 16      God:
Gold 196         SH  0     Dex 18      Spells:  3 memorised,  1 level left

rFire  . . .     SeeInvis .       - Unarmed
rCold  . . .     Clarity  .     s - melded +0 elf leather armour
rNeg   . . .     Conserve .     (shield currently unavailable)
rPois  .         rCorr    .     (helmet currently unavailable)
rElec  .         rRot     .     (cloak currently unavailable)
SustAb . .       Spirit   +     (gloves currently unavailable)
rMut   .         Warding  .     (boots currently unavailable)
Saprov . . .     Stasis   .     (no amulet)
MR     .....                    w - ring of sustenance
                                e - ring of poison resistance

@: spider-form (expiring), quick, not resistant to hostile enchantments,
unstealthy
A: (claws 0), rough black scales 1, magic shield
a: End Transformation


You were on level 6 of the Dungeon.
You were not hungry.
You were in spider-form.
You visited 2 branches of the dungeon, and saw 7 of its levels.

You collected 196 gold pieces.

Inventory:

Missiles
 b - 12 arrows
Armour
 h - a +0 pair of gloves
 s - a +0 elven leather armour (melded)
Magical devices
 u - a wand of polymorph (7)
 A - a wand of disintegration (14)
Comestibles
 a - 5 bread rations
 o - 3 meat rations
 p - a chunk of rat flesh
 z - a lemon
 B - a rotting chunk of hound flesh
Scrolls
 c - a scroll of blinking
 f - 2 scrolls of fear
 i - a scroll of identify
 k - a scroll of curse jewellery {unknown}
 l - 6 scrolls of remove curse
 m - a scroll of enchant weapon I {unknown}
 r - 2 scrolls of enchant weapon II
 v - a scroll of magic mapping {unknown}
 y - a scroll of recharging {unknown}
Jewellery
 e - a ring of poison resistance (left front leg)
 w - a ring of sustenance (right front leg)
Potions
 g - a potion of curing
 j - a potion of magic {unknown}
 n - a potion of poison {unknown}
 q - 3 potions of restore abilities
 t - a potion of heal wounds
 x - a potion of might {unknown}
Books
 d - a book of Changes

   Spells                             Type                      Level
   *Beastly Appendage                 Transmutation                1
   Sticks to Snakes                   Transmutation                2
   *Spider Form                       Transmutation/Poison         3
   Ice Form                           Ice/Transmutation            4
   *Blade Hands                       Transmutation                5


   Skills:
 - Level 1.0 Fighting
 - Level 1.7 Dodging
 - Level 5.1 Unarmed Combat
 - Level 2.0 Spellcasting
 + Level 6.2 Transmutations
 - Level 3.2 Poison Magic


You had one spell level left.
You knew the following spells:

 Your Spells              Type           Power        Failure   Level  Hunger
a - Beastly Appendage     Trmt           ###...       6%          1    #......
b - Spider Form           Trmt/Pois      ###.......   28%         3    ####...
c - Blade Hands           Trmt           ###.......   71%         5    ######.


Dungeon Overview and Level Annotations

Branches:
Dungeon (6/16)             Temple (1/1) D:4

Altars:
Ashenzari
Cheibriados
Dithmengos
Elyvilon
Fedhas
Kikubaaqudgha
Nemelex Xobeh
Vehumet
Xom
Zin


Innate Abilities, Weirdness & Mutations

((You have very sharp fingernails.))*
(You are partially covered in rough black scales (AC +4, Dex -1).)*
When hurt, damage is shared between your health and your magic reserves.


Message History

Drink which item? (? for menu, Esc to quit)
You feel much better. The centaur closely misses you.
The worm closely misses you.
The centaur hits you with an uncursed quarterstaff!
You bite the centaur!
The centaur is poisoned.
The centaur is moderately wounded.
The centaur drinks a potion.
The centaur is healed!
The centaur looks more healthy.
You hit the centaur.
The centaur is moderately wounded.
The centaur hits you with an uncursed quarterstaff!
* * * LOW HITPOINT WARNING * * *
The worm misses you. The centaur misses you.
You climb downwards.
A jelly and a zombie come into view.
Found four items.
Found a stone staircase leading down.
There is a stone staircase leading up here.
The centaur hits you with an uncursed quarterstaff!
You die...

# .... .....
#...$. #....#####
#........#
#........#
#....$..#
#...s...##
#..c<....#
#.......w........
..............Z
......!.......(
...............
..##.....?... #
.........
#.....>..


You could see a worm, a centaur and a hippogriff zombie.

Vanquished Creatures
  2 ogres (D:5)
  2 phantoms (D:4)
  2 crimson imps (D:5)
  An orc priest (D:4)
  An orc wizard (D:4)
  4 worker ants
  2 hounds
  A boggart (D:3)
  A hound skeleton (D:4)
  8 adders
  4 gnolls (D:4)
  An inept item mimic (D:5)
  4 worms
  3 giant eyeballs
  5 giant geckos
  7 orcs
  A ball python (D:2)
  A bat zombie (D:4)
  3 giant cockroaches
  7 hobgoblins
  2 jackals (D:1)
  7 kobolds
  10 bats
  3 giant newts
  11 goblins
  12 rats
105 creatures vanquished.

Notes
Turn   | Place    | Note
--------------------------------------------------------------
     0 | D:1      | Econoterrorist, the Demonspawn Transmuter, began the quest for the Orb.
     0 | D:1      | Reached XP level 1. HP: 15/15 MP: 3/3
   374 | D:1      | Reached skill level 3 in Unarmed Combat
   581 | D:1      | Gained mutation: When hurt, damage is shared between your health and your magic reserves. [demonic ancestry]
   581 | D:1      | Reached XP level 2. HP: 16/21 MP: 2/4
  1243 | D:2      | Reached XP level 3. HP: 8/26 MP: 0/6
  1248 | D:2      | Learned a level 3 spell: Spider Form
  1575 | D:2      | Reached skill level 4 in Unarmed Combat
  1630 | D:2      | Found a blossoming altar of Fedhas.
  2640 | D:3      | Reached skill level 1 in Poison Magic
  2640 | D:3      | Gained mutation: You are partially covered in rough black scales (AC +4, Dex -1). [demonic ancestry]
  2640 | D:3      | Reached XP level 4. HP: 32/32 MP: 5/7
  3326 | D:4      | Gained mutation: You have sharp fingernails. [demonic ancestry]
  3326 | D:4      | Reached XP level 5. HP: 23/37 MP: 5/9
  4127 | D:4      | Found a staircase to the Ecumenical Temple.
  4133 | Temple   | Entered the Ecumenical Temple
  4501 | D:4      | Gained mutation: You have very sharp fingernails. [demonic ancestry]
  4501 | D:4      | Reached XP level 6. HP: 27/43 MP: 6/10
  4715 | D:4      | Noticed an angel
  4716 | D:4      | Found a glowing silver altar of Zin.
  4720 | D:4      | Found a shimmering altar of Xom.
  4759 | D:4      | Paralysed by a giant eyeball for 4 turns
  4855 | D:4      | Found a shadowy altar of Dithmengos.
  4855 | D:4      | Noticed a phantom
  4898 | D:4      | Killed a phantom
  5718 | D:4      | Noticed a phantom
  5745 | D:4      | Killed a phantom
  5745 | D:4      | Reached skill level 5 in Unarmed Combat
  5745 | D:4      | Reached XP level 7. HP: 31/48 MP: 10/12
  5975 | D:5      | Entered Level 5 of the Dungeon
  6162 | D:5      | Reached skill level 5 in Transmutations
  6404 | D:5      | Found a sparkling altar of Nemelex Xobeh.
  6577 | D:5      | Reached skill level 6 in Transmutations
  6585 | D:5      | Learned a level 5 spell: Blade Hands
  6623 | D:5      | Paralysed by a giant eyeball for 2 turns
  6693 | D:5      | Paralysed by a giant eyeball for 2 turns
  6736 | D:6      | Mangled by a centaur

Action                   |  1- 3 |  4- 6 |  7- 9 || total
-------------------------+-------+-------+-------++-------
Melee: Unarmed           |   159 |   303 |    76 ||   538
 Cast: Beastly Appendage |    11 |    22 |     6 ||    39
       Spider Form       |       |     1 |     4 ||     5
Evoke: Wand              |     1 |       |     1 ||     2
  Use: Potion            |     1 |       |     1 ||     2
       Scroll            |     2 |       |     3 ||     5
